 Dungeon Crawl Stone Soup version 0.17.1-1-g73c8601 (webtiles) character file.

36 Opium the Magician (level 3, -1/20 HPs)
             Began as a Tengu Wizard on Dec 23, 2015.
             Slain by a hobgoblin
             ... wielding a +0 club
              (5 damage)
             ... on level 1 of the Dungeon.
             The game lasted 00:08:10 (1654 turns).

Opium the Magician (Tengu Wizard)                   Turns: 1654, Time: 00:08:10

Health: -1/20      AC:  2    Str:  7    XL:     3   Next: 37%
Magic:  7/9        EV: 12    Int: 19    God:
Gold:   92         SH:  0    Dex: 12    Spells: 3 memorised, 4 levels left

rFire  . . .     SeeInvis .     k - +0 spear
rCold  . . .     Clarity  .     a - +0 robe
rNeg   . . .     SustAt   .     (no shield)
rPois  .         Gourm    .     b - +0 hat
rElec  .         Spirit   .     (no cloak)
rCorr  .         Warding  .     (no gloves)
rMut   .         Stasis   .     (boots unavailable)
MR     .....                    (no amulet)
Stlth  ++........               (no ring)
                                (no ring)

@: very slightly contaminated, repel missiles, not resistant to hostile
enchantments, unstealthy
A: beak, talons 3
a: no special abilities


You were on level 1 of the Dungeon.
You were very hungry.

You visited 1 branch of the dungeon, and saw 1 of its levels.

You collected 92 gold pieces.

Inventory:

Hand Weapons
 h - a +0 dagger
 k - a +0 spear (weapon)
Armour
 a - a +0 robe (worn)
 b - a +0 hat (worn)
Jewellery
 e - an uncursed ring of ice {unknown}
 m - an uncursed ring of protection from fire {unknown}
Scrolls
 f - a scroll of fog
 g - 3 scrolls of identify
 n - a scroll of remove curse {unknown}
 o - a scroll of teleportation {unknown}
 r - a scroll of immolation {unknown}
Potions
 j - a potion of invisibility {unknown}
Books
 c - a book of Minor Magic

   Spells                             Type                      Level
   a - Magic Dart                     Conjuration                  1
   b - Blink                          Translocation                2
   c - Call Imp                       Summoning                    2
   d - Repel Missiles                 Charms/Air                   2
   e - Slow                           Hexes                        2
   f - Conjure Flame                  Conjuration/Fire             3
   g - Mephitic Cloud                 Conjuration/Poison/Air       3
Comestibles
 d - 2 bread rations
 i - 2 meat rations
 l - 2 beef jerkies
 p - 2 fruits
 q - a slice of pizza


   Skills:
 + Level 0.6 Fighting
 * Level 2.5 Dodging
 + Level 2.1 Stealth
 * Level 3.6 Spellcasting
 * Level 1.8 Conjurations
 * Level 1.2 Summonings
   Level 0.7 Translocations


You had 4 spell levels left.
You knew the following spells:

 Your Spells              Type           Power        Failure   Level  Hunger
a - Magic Dart            Conj           ##..         10%         1    None
b - Call Imp              Summ           #.......     14%         2    ##.....
c - Repel Missiles        Chrm/Air       #.....       24%         2    ##.....


Dungeon Overview and Level Annotations

Branches:
Dungeon (1/15)

Altars:


Innate Abilities, Weirdness & Mutations

You have a beak for a mouth.
You have claws for feet.


Message History

You hit the hobgoblin.
You peck the hobgoblin, but do no damage.
The hobgoblin is heavily wounded.
The hobgoblin misses you.
Casting: Magic Dart
Confirm with . or Enter, or press ? or * to list all spells.
Aiming: Magic Dart
Press: ? - help, Shift-Dir - straight line, f - hobgoblin
Aim: a hobgoblin, wielding a club (heavily wounded)
The magic dart hits the hobgoblin.
The hobgoblin is severely wounded.
Casting: Magic Dart
Confirm with . or Enter, or press ? or * to list all spells.
Aiming: Magic Dart
Press: ? - help, Shift-Dir - straight line, f/p - hobgoblin
Aim: a hobgoblin, wielding a club (severely wounded)
You miscast Magic Dart.
You are very lightly contaminated with residual magic.
Wisps of smoke drift from your hands. The hobgoblin hits you with a club.
You die...

...).#.##.........##.#...##.#####
..#.##.###.......###.....)(.#
....##.# ##.....## ###...####
.##.##.# ##...## #.###.##
.##.##.# ##'## ##.# ##.##
.......# #.# #.# ##.#
###.#########.### #.# #.# #.#
#........###.## ##.# #.#
#.###))..@....## ##.## #.#
#.##....g####..###.##
#.####.###....# #.#...##
#.........#.#.####.#.###
######.##............#
#.######.######## #........#
##########


You could see a hobgoblin.

Vanquished Creatures
  An ooze (D:1)
  A giant gecko (D:1)
  3 bats (D:1)
  A giant cockroach (D:1)
  4 goblins (D:1)
  4 hobgoblins (D:1)
  4 kobolds (D:1)
  A giant newt (D:1)
  3 jackals (D:1)
  A rat (D:1)
23 creatures vanquished.

Vanquished Creatures (collateral kills)
  A goblin (D:1)
  A jackal (D:1)
  A kobold (D:1)
3 creatures vanquished.

Grand Total: 26 creatures vanquished

Notes
Turn   | Place    | Note
--------------------------------------------------------------
     0 | D:1      | Opium the Tengu Wizard began the quest for the Orb.
     0 | D:1      | Reached XP level 1. HP: 10/10 MP: 5/5
   703 | D:1      | Reached XP level 2. HP: 15/15 MP: 1/7
   814 | D:1      | Learned a level 2 spell: Call Imp
   817 | D:1      | Learned a level 2 spell: Repel Missiles
  1093 | D:1      | Reached XP level 3. HP: 12/20 MP: 0/9
  1654 | D:1      | Slain by a hobgoblin

Action                   || total
-------------------------++-------
Melee: Unarmed           ||     7
       Dagger            ||     2
       Spear             ||    38
 Cast: Magic Dart        ||    53
       Call Imp          ||     2
       Repel Missiles    ||     1
  Use: Scroll            ||     1
  Eat: Chunk             ||     1
